AoeStats
← Der Sprudel

Arabia

503133500Analyzed
4v4 RM · 1mo ago on Aug 30, 2026· 55m 46s· 8 players
Game mode
Random Map
Map size
Large (8 player)
Population
200
Speed
Normal
Resources
Standard
Victory
Conquest
Starting age
Dark Age
Ending age
Imperial Age
RankedLock teamsTeams togetherTeam positionsShared explorationLock speedFull tech treeHidden civsTurbo modeCheats
Victory
Defeat
🇹🇼 Hindustanis · Taiwan
1477
+10
🇹🇼 Franks · Taiwan
1468
+10
🇻🇳 Britons · Vietnam
1379
+14
🇹🇼 Ethiopians · Taiwan
1133
+88
🇩🇪 Bengalis · Germany
1564
-24
🇩🇪 Maya · Germany
1345
-15
🇩🇪 Persians · Germany
1304
-13
🇩🇪 Ethiopians · Germany
1154
-7
schlauchnase
0:28 Loom
11:37 Feudal Age
14:39 Fletching
15:42 Padded Archer Armor
18:50 Double-Bit Axe
22:03 Wheelbarrow
25:30 Castle Age
24:34 Horse Collar
24:45 Gold Mining
25:31 Crossbowman
26:07 Bodkin Arrow
27:42 Leather Archer Armor
36:55 Imperial Age
36:42 Thumb Ring
37:02 Arbalester
37:46 Bracer
38:48 Chemistry
39:25 Ring Archer Armor
38:27 Arbalester
40:23 Ballistics
44:04 Hand Cart
44:01 Bow Saw
43:52 Heavy Plow
52:12 Squires
51:33 Pikeman
52:14 Scale Mail Armor
52:25 Forging
52:59 Halberdier
54:12 Elite Skirmisher
Der Sprudel
6:38 Loom
8:55 Feudal Age
9:19 Double-Bit Axe
16:30 Horse Collar
18:12 Scale Barding Armor
19:14 Wheelbarrow
22:39 Castle Age
23:38 Chain Barding Armor
22:44 Light Cavalry
24:26 Bow Saw
24:37 Gold Mining
25:55 Forging
29:52 Heavy Plow
30:41 Bloodlines
33:34 Hand Cart
33:21 Husbandry
34:11 Gold Shaft Mining
34:37 Stone Mining
36:44 Town Watch
45:17 Imperial Age
43:46 Ballistics
46:06 Iron Casting
45:09 Cavalier
46:31 Plate Barding Armor
47:43 Chemistry
48:07 Stone Shaft Mining
49:15 Blast Furnace
48:34 Scale Mail Armor
47:55 Pikeman
48:36 Squires
48:22 Arson
48:49 Fletching
50:51 Conscription
51:35 Chain Mail Armor
54:05 Bodkin Arrow
54:41 Plate Mail Armor
53:34 Halberdier
[STYCK] Weizenesel
6:29 Loom
9:11 Feudal Age
11:25 Horse Collar
11:31 Double-Bit Axe
16:44 Bloodlines
17:15 Scale Barding Armor
19:55 Wheelbarrow
20:30 Forging
24:48 Castle Age
25:02 Light Cavalry
25:43 Husbandry
26:22 Iron Casting
26:01 Bow Saw
25:52 Heavy Plow
28:24 Chain Barding Armor
30:25 Fletching
37:32 Hand Cart
41:25 Imperial Age
38:41 Town Watch
40:44 Scale Mail Armor
40:47 Padded Archer Armor
41:34 Gold Mining
41:34 Stone Mining
42:24 Leather Archer Armor
42:45 Plate Barding Armor
43:31 Ballistics
44:13 Blast Furnace
43:09 Bodkin Arrow
44:26 Ring Archer Armor
45:00 Conscription
44:51 Paiks
44:47 Elite Ratha (Ranged)
45:30 Bracer
47:37 Chemistry
51:27 Coinage
51:08 Guilds
52:22 Mahayana
52:10 Caravan
52:40 Banking
Eule_Keule
8:45 Loom
10:52 Feudal Age
12:54 Horse Collar
13:02 Double-Bit Axe
15:23 Horse Collar
15:46 Gold Mining
15:56 Fletching
16:06 Padded Archer Armor
30:53 Castle Age
31:13 Crossbowman
31:49 Bodkin Arrow
32:14 Bow Saw
33:00 Ballistics
33:03 Thumb Ring
36:09 Wheelbarrow
46:54 Town Watch
48:03 Stone Mining
53:56 Heavy Plow
Ti Kiat
0:26 Loom
9:59 Feudal Age
14:04 Double-Bit Axe
17:11 Horse Collar
18:35 Fletching
24:45 Castle Age
25:00 Gold Mining
25:33 Crossbowman
33:32 Bodkin Arrow
34:23 Stone Mining
40:18 Imperial Age
41:03 Ballistics
44:36 Wheelbarrow
45:34 Conscription
45:35 Bracer
45:06 Elite Skirmisher
49:38 Padded Archer Armor
TSAO BING
6:48 Loom
9:48 Feudal Age
10:47 Double-Bit Axe
16:35 Scale Barding Armor
23:18 Castle Age
22:42 Forging
23:42 Gold Mining
24:34 Chain Barding Armor
31:44 Town Watch
32:35 Wheelbarrow
33:18 Town Patrol
36:13 Husbandry
38:49 Hand Cart
40:09 Gold Shaft Mining
41:15 Iron Casting
44:22 Imperial Age
44:54 Cavalier
46:14 Plate Barding Armor
46:39 Blast Furnace
46:42 Paladin
49:25 Masonry
50:21 Chemistry
49:17 Fletching
49:27 Padded Archer Armor
54:01 Bodkin Arrow
55:57 Conscription
鈸小棒
6:09 Loom
9:13 Feudal Age
12:04 Double-Bit Axe
16:08 Fletching
24:08 Castle Age
24:03 Padded Archer Armor
24:46 Bodkin Arrow
24:12 Crossbowman
25:37 Gold Mining
29:44 Ballistics
30:15 Bow Saw
34:06 Thumb Ring
40:46 Leather Archer Armor
45:48 Imperial Age
43:08 Town Watch
43:59 Wheelbarrow
49:29 Imperial Age
48:57 Scale Mail Armor
49:08 Forging
51:30 Imperial Age
50:06 Chain Mail Armor
50:03 Masonry
50:12 Hand Cart
50:54 Squires
50:39 Arson
51:43 Elite Skirmisher
54:25 Conscription
54:23 Halberdier
55:51 Plate Mail Armor
55:56 Iron Casting
大當家
6:14 Loom
9:00 Feudal Age
9:42 Double-Bit Axe
10:50 Horse Collar
17:21 Wheelbarrow
18:49 Bloodlines
18:35 Gold Mining
19:26 Forging
19:22 Scale Barding Armor
23:49 Castle Age
22:34 Fishing Lines
24:57 Chain Barding Armor
25:00 Husbandry
26:19 Iron Casting
25:58 Light Cavalry
28:21 Hand Cart
32:51 Town Watch
35:18 Bow Saw
35:43 Gold Shaft Mining
35:36 Heavy Plow
38:05 Hand Cart
41:06 Imperial Age
41:11 Heavy Camel Rider
42:47 Hussar
44:28 Conscription
45:13 Plate Barding Armor
46:52 Blast Furnace
47:24 Chemistry
46:33 Grand Trunk Road
46:50 Caravan
48:39 Town Patrol
48:47 Imperial Camel Rider
50:54 Fletching
51:25 Ballistics
52:58 Bodkin Arrow
54:49 Coinage
55:54 Gillnets
Connection lost

Rejoining the realm…

Still unreachable

The connection could not be restored.

Session expired

The server has moved on; the page needs a fresh start.